 Dungeon Crawl Stone Soup version 0.27-a0-1196-g3e9cee4cb2 (webtiles) character file.

Game seed: 928550801955804261

70 flyleaff the Poker (level 4, -7/40 HPs)
             Began as a Minotaur Monk on May 30, 2021.
             Killed from afar by Sigmund (9 damage)
             ... with a puff of flame
             ... on level 3 of the Dungeon.
             The game lasted 00:03:44 (2021 turns).

flyleaff the Poker (Minotaur Monk)                  Turns: 2021, Time: 00:03:44

Health: -7/40      AC: 10    Str: 17    XL:     4   Next: 4%
Magic:  3/3        EV:  7    Int:  7    God:
Gold:   77         SH:  3    Dex: 12    Spells: 3/3 levels left

rFire    . . .     SeeInvis .   a - +0 spear
rCold    . . .     Faith    .   h - +0 buckler
rNeg     . . .     Spirit   .   n - +0 chain mail
rPois    .         Reflect  .   (helmet restricted)
rElec    .         Harm     .   (no cloak)
rCorr    .         Rampage  .   (no gloves)
Will     .....                  o - +0 pair of boots
Stlth    ..........             (no amulet)
HPRegen  0.13/turn              (no ring)
MPRegen  0.08/turn              (no ring)

@: no status effects
A: horns 2, retaliatory headbutt
a: no special abilities


You were on level 3 of the Dungeon.
You visited 1 branch of the dungeon, and saw 3 of its levels.

You collected 77 gold pieces.

Inventory:

Hand Weapons
 a - a +0 spear (weapon)
Armour
 b - a +0 robe
 h - a +0 buckler (worn)
 i - a +0 ring mail
 n - a +0 chain mail (worn)
 o - a +0 pair of boots (worn)
Scrolls
 c - 2 scrolls of fog {unknown}
 d - a scroll of holy word {unknown}
 e - 2 scrolls of magic mapping {unknown}
 g - 4 scrolls of identify {unknown}
 j - 2 scrolls of teleportation {unknown}
Potions
 f - a potion of lignification {unknown}
 k - a potion of mutation {unknown}
 l - a potion of curing {unknown}
 m - a potion of ambrosia {unknown}


   Skills:
 + Level 4.1 Fighting
 + Level 4.2 Polearms
 * Level 2.4 Armour
 + Level 3.9 Dodging
 - Level 1.6 Stealth


You had 3 spell levels left.
You didn't know any spells.
Your spell library was empty.

Dungeon Overview and Level Annotations

Branches:
Dungeon (3/15)

Altars:

Annotations:
D:3 Sigmund


Innate Abilities, Weirdness & Mutations

You have a pair of horns on your head.
You reflexively headbutt those who attack you in melee.


Message History

No target in view!
No target in view!
Okay, then.
Something hits you. You block something's attack.
You hear some strange, mumbled words.
Something tries to affect you, but you resist.
You are confused.
You bump into the rock wall.
You bump into the rock wall.
Something hits you.
You bump into the rock wall.
Something hits you.
You bump into the rock wall.
You feel less confused. Something hits you but does no damage.
You hit something. Something hits you.
You puncture something!
You hear some strange, mumbled words.
A puff of flame appears from out of thin air!
The puff of flame hits you but does no damage.
You closely miss something. You headbutt something.
Your shield and chain mail prevent you from hitting something.
Something hits you but does no damage.
You puncture something!
You hear some strange, mumbled words.
A puff of flame appears from out of thin air!
The puff of flame hits you.
You miss something. Something hits you.
You closely miss something. Something hits you!
* * * LOW HITPOINT WARNING * * *
You barely miss something. You headbutt something.
You hear some strange, mumbled words.
A puff of flame appears from out of thin air!
The puff of flame hits you!
* * * LOW HITPOINT WARNING * * *
You barely miss something. Something hits you but does no damage.
You closely miss something.
You hear some strange, mumbled words.
A puff of flame appears from out of thin air!
The puff of flame hits you!
You die...

#########.#.###.# #.#
........#.#>....# #.#
#######.#.#.....# #.#
######.#.#.....#########.#####..
..........)......................
.#####..†.#.....#########.#####..
#....#.....# #............#
#....#.....####............#
#..........@........÷......#
#......###{####............#
.......+......{............#
.#......########...........##
#...........# #...........#
#...........## #............#
#............#


There were no monsters in sight!

Vanquished Creatures
  Natasha (D:3)
  An adder (D:3)
  3 worms
  A bat (D:1)
  4 endoplasms
  A giant cockroach (D:1)
  2 goblins (D:1)
  3 hobgoblins
  3 quokkas
  A ball python (D:1)
  3 frilled lizards (D:1)
  3 kobolds
  2 rats (D:1)
28 creatures vanquished.

Notes
Turn   | Place    | Note
-------+----------+-------------------------------------------
     0 | D:1      | flyleaff the Minotaur Monk began the quest for the Orb.
     0 | D:1      | Reached XP level 1. HP: 19/19 MP: 0/0
   262 | D:1      | Reached XP level 2. HP: 25/27 MP: 1/1
   376 | D:1      | Reached skill level 1 in Armour
   635 | D:1      | Found a faded altar of an unknown god.
   979 | D:2      | Reached XP level 3. HP: 33/33 MP: 2/2
  1530 | D:3      | Noticed Natasha
  1535 | D:3      | Killed Natasha
  1684 | D:3      | Reached XP level 4. HP: 5/40 MP: 3/3
  1687 | D:3      | HP: 2/40 [poisoned by an adder]
  1982 | D:3      | Noticed Sigmund
  2019 | D:3      | HP: 2/40 [something/puff of flame (8)]
  2021 | D:3      | Killed from afar by Sigmund

Illustrated notes

Levels and vault maps discovered:
D:1:      eino_arrival_water_cross, layout_basic,
          shapermc_ecumenical_altar_notcrosses
D:2:      layout_basic, minmay_misc_feat_tower
D:3:      layout_basic, general_overflow_altar, uniq_sigmund, uniq_natasha

Skill      XL: |  1  2  3 |
---------------+----------+-----
Armour         | 1 2 |  2.4
Polearms       | 4 |  4.2
Fighting       | 4 |  4.1
Dodging        | |  3.9
Stealth        | |  1.6

Action                   |  1- 3 |  4- 6 || total
-------------------------+-------+-------++-------
Melee: Spear             |    89 |    10 ||    99
       Headbutt          |    11 |     2 ||    13
 Stab: Sleeping          |     9 |       ||     9
Armor: Robe              |     2 |       ||     2
       Ring mail         |     2 |       ||     2
       Chain mail        |     6 |     4 ||    10
Dodge: Dodged            |    18 |       ||    18
Block: Buckler           |     1 |     1 ||     2

Table legend: (Time is in decaauts)
 A = Elapsed time spent in this place.
 B = Non-inter-level travel time spent in this place.
 C = Inter-level travel time spent in this place.
 D = Time resting spent in this place.
 E = Time spent auto-exploring this place.
 F = Levels seen in this place.
 G = Mean time per level.
                   A        B        C        D        E       F      G
               +--------+--------+--------+--------+--------+-----+--------+
         Total |   2014 |   1929 |     85 |    283 |   1393 |   3 |  671.3 |
       Dungeon |   2014 |   1929 |     85 |    283 |   1393 |   3 |  671.3 |
               +--------+--------+--------+--------+--------+-----+--------+

Top non-repeatable levels by time:
     D:1: 834 daAuts
     D:2: 626 daAuts
     D:3: 553 daAuts
